 Dungeon Crawl Stone Soup version 0.27-a0-1184-ge86db4a01e (webtiles) character file.

Game seed: 4080436457790641631

11 karrick the Grave Robber (level 2, -5/15 HPs)
             Began as a Deep Elf Necromancer on May 19, 2021.
             Slain by a gnoll
             ... wielding a +0 whip
              (7 damage)
             ... on level 2 of the Dungeon.
             The game lasted 00:00:53 (421 turns).

karrick the Grave Robber (Deep Elf Necromancer)      Turns: 421, Time: 00:00:54

Health: -5/15      AC:  2    Str:  5    XL:     2   Next: 13%
Magic:  3/8        EV: 12    Int: 19    God:
Gold:   0          SH:  0    Dex: 15    Spells: 6/7 levels left

rFire    . . .     SeeInvis .   (no weapon)
rCold    . . .     Faith    .   (no shield)
rNeg     . . .     Spirit   .   a - +0 robe
rPois    .         Reflect  .   (no helmet)
rElec    .         Harm     .   (no cloak)
rCorr    .         Rampage  .   (no gloves)
Will     .....                  (no boots)
Stlth    ++........             (no amulet)
HPRegen  0.05/turn              (no ring)
MPRegen  0.11/turn              (no ring)

@: no status effects
A: no striking features
a: no special abilities


You were on level 2 of the Dungeon.
You visited 1 branch of the dungeon, and saw 2 of its levels.

Inventory:

Armour
 a - a +0 robe (worn)


   Skills:
 + Level 2.5 Dodging
 + Level 2.5 Stealth
 + Level 3.3 Spellcasting
 + Level 5.2 Necromancy


You had 6 spell levels left.
You knew the following spells:

 Your Spells              Type           Power      Damage    Failure   Level
a - Pain                  Necr           92%        1d8       1%          1

Your spell library contained the following spells:

 Spells                   Type           Power      Damage    Failure   Level
 Animate Skeleton         Necr           46%        N/A       1%          1
 Vampiric Draining        Necr           11%        2d7       5%          3
 Animate Dead             Necr           11%        N/A       17%         4
 Agony                    Necr           23%        N/A       43%         5


Dungeon Overview and Level Annotations

Branches:
Dungeon (2/15)

Altars:


Message History

The jackal misses you.
There is a stone staircase leading down here.
Casting: Pain (safe; 1% risk of failure)
Confirm with . or Enter, or press ? or * to list all spells.
Aiming: Pain (safe; 1% risk of failure)
Press: ? - help, Shift-Dir - straight line, f - jackal
Aim: a jackal (chance to affect: 91%)
The jackal writhes in agony!
You kill the jackal!
Casting: Pain (safe; 1% risk of failure)
Confirm with . or Enter, or press ? or * to list all spells.
Aiming: Pain (safe; 1% risk of failure)
Press: ? - help, Shift-Dir - straight line, f - ball python
Aim: a ball python (chance to affect: 91%)
The ball python writhes in agony!
You kill the ball python!
Casting: Pain (safe; 1% risk of failure)
Confirm with . or Enter, or press ? or * to list all spells.
Aiming: Pain (safe; 1% risk of failure)
Press: ? - help, Shift-Dir - straight line, f - rat
Aim: a rat (chance to affect: 91%)
The rat writhes in agony!
You kill the rat!
The gnoll hits you with a +0 whip.
You climb downwards.
There is a stone staircase leading up here.
Casting: Pain (safe; 1% risk of failure)
Confirm with . or Enter, or press ? or * to list all spells.
Aiming: Pain (safe; 1% risk of failure)
Press: ? - help, Shift-Dir - straight line, f - gnoll
Aim: a gnoll, wielding a +0 whip (chance to affect: 88%)
The gnoll barely resists.
The gnoll hits you with a +0 whip.
* * * LOW HITPOINT WARNING * * *
Casting: Pain (safe; 1% risk of failure)
Confirm with . or Enter, or press ? or * to list all spells.
Aiming: Pain (safe; 1% risk of failure)
Press: ? - help, Shift-Dir - straight line, f/p - gnoll
Aim: a gnoll, wielding a +0 whip (chance to affect: 88%)
The gnoll writhes in agony.
The gnoll hits you with a +0 whip!
You die...

.#
###
..#
#..
..
#.#..
##.#.
...
#.##
#@g#
##.#
.# .#
.# .#
##


You could see a gnoll.

Vanquished Creatures
  2 endoplasms (D:1)
  5 jackals
  A ball python (D:1)
  A rat (D:1)
9 creatures vanquished.

Notes
Turn   | Place    | Note
-------+----------+-------------------------------------------
     0 | D:1      | karrick the Deep Elf Necromancer began the quest for the
                  | Orb.
     0 | D:1      | Reached XP level 1. HP: 10/10 MP: 6/6
   137 | D:1      | Reached skill level 5 in Necromancy
   226 | D:2      | Reached XP level 2. HP: 5/15 MP: 0/8
   421 | D:2      | Slain by a gnoll

Illustrated notes

Levels and vault maps discovered:
D:1:      dpeg_arrival_rhombus, layout_basic, minivault_14,
          hangedman_decor_growths
D:2:      layout_loops_cross, shapermc_ecumenical_altar_gd, chequers_avenue,
          uniq_terence

Skill      XL: |  1 |
---------------+----+-----
Necromancy     | 5 |  5.2
Dodging        | |  2.5
Stealth        | |  2.5
Spellcasting   | |  3.3

Action                   || total
-------------------------++-------
 Cast: Pain              ||    15
Armor: Robe              ||     1
Dodge: Dodged            ||     1

Table legend: (Time is in decaauts)
 A = Elapsed time spent in this place.
 B = Non-inter-level travel time spent in this place.
 C = Inter-level travel time spent in this place.
 D = Time resting spent in this place.
 E = Time spent auto-exploring this place.
 F = Levels seen in this place.
 G = Mean time per level.
                   A        B        C        D        E       F      G
               +--------+--------+--------+--------+--------+-----+--------+
         Total |    421 |    421 |      0 |    187 |    205 |   2 |  210.5 |
       Dungeon |    421 |    421 |      0 |    187 |    205 |   2 |  210.5 |
               +--------+--------+--------+--------+--------+-----+--------+

Top non-repeatable levels by time:
     D:1: 229 daAuts
     D:2: 192 daAuts
